 Dungeon Crawl Stone Soup version 0.20.1-1-g8b1a95d (webtiles) character file.

1965 gobwax the Grappler (level 9, -6/64 HPs)
             Began as a Purple Draconian Transmuter on July 10, 2017.
             Was a Follower of Uskayaw.
             Killed from afar by a steam dragon (13 damage)
             ... with a ball of steam
             ... on level 6 of the Dungeon.
             The game lasted 00:15:47 (5454 turns).

gobwax the Grappler (Purple Draconian Transmuter)   Turns: 5454, Time: 00:15:48

Health: -6/64      AC:  7    Str: 14    XL:     9   Next: 0%
Magic:  1/12       EV: 12    Int: 15    God:    Uskayaw [*.....]
Gold:   351        SH:  0    Dex: 12    Spells: 8/12 levels left

rFire    . . .     SeeInvis .     - Unarmed
rCold    . . .     Gourm    .   (no shield)
rNeg     . . .     Faith    .   (armour unavailable)
rPois    .         Spirit   .   (helmet restricted)
rElec    .         Reflect  .   (no cloak)
rCorr    .         Harm     .   (no gloves)
MR       +....                  (no boots)
Stlth    ++........             (no amulet)
Regen    0.2/turn               p - ring of stealth
MPRegen  0.2/turn               (no ring)

@: no status effects
A: breathe power, unfitting armour, cold-blooded, AC +7
a: Breathe Dispelling Energy, Stomp, Renounce Religion


You were on level 6 of the Dungeon.
You worshipped Uskayaw.
Uskayaw was noncommittal.
You were hungry.

You visited 1 branch of the dungeon, and saw 6 of its levels.

You collected 351 gold pieces.

Inventory:

Missiles
 a - 122 arrows
Jewellery
 n - a cursed ring of loudness
 p - a ring of stealth (left hand)
 z - a cursed amulet of inaccuracy
Wands
 B - a wand of polymorph (11/24)
 C - a wand of polymorph (8/24)
Scrolls
 d - 2 scrolls of fear {unknown}
 e - 4 scrolls of remove curse
 g - 7 scrolls of teleportation
 h - 3 scrolls of fog
 i - a scroll of magic mapping {unknown}
 j - 7 scrolls of identify
 l - a scroll of enchant armour {unknown}
 o - 3 scrolls of enchant weapon {unknown}
 x - a scroll of blinking {unknown}
 E - a scroll of random uselessness {unknown}
 F - a scroll of noise {unknown}
 H - a scroll of amnesia {unknown}
Potions
 k - 4 potions of curing {unknown}
 q - 2 potions of flight {unknown}
 r - a potion of lignification {unknown}
 s - a potion of ambrosia {unknown}
 t - 4 potions of heal wounds {unknown}
 u - 2 potions of haste {unknown}
 v - 3 potions of degeneration {unknown}
 w - 3 potions of mutation {unknown}
 A - a potion of cancellation {unknown}
 D - 2 potions of experience {unknown}
Books
 b - a book of Changes

   Spells                             Type                      Level
   a - Beastly Appendage              Transmutation                1
   b - Sticks to Snakes               Transmutation                2
   c - Spider Form                    Transmutation/Poison         3
   d - Ice Form                       Ice/Transmutation            4
   e - Blade Hands                    Transmutation                5
 y - the Incunabulum of Spatial Stolen Souls
   (You found it on level 4 of the Dungeon)

   Spells                             Type                      Level
   a - Pain                           Necromancy                   1
   b - Sublimation of Blood           Necromancy                   2
   c - Summon Forest                  Summoning/Translocation      5
Comestibles
 c - 6 bread rations
 f - 2 meat rations
 m - 4 royal jellies
 G - a fruit
 I - 3 chunks of flesh


   Skills:
 - Level 1.1 Fighting
 - Level 1.7 Dodging
 * Level 11.8 Unarmed Combat
 - Level 2.4 Spellcasting
 - Level 2.0 Transmutations
 - Level 0.2 Poison Magic


You had 8 spell levels left.
You knew the following spells:

 Your Spells              Type           Power        Failure   Level  Hunger
a - Beastly Appendage     Tmut           #.....       10%         1    #......
b - Spider Form           Tmut/Pois      #.........   38%         3    ###....


Dungeon Overview and Level Annotations

Branches:
Dungeon (6/15)
 Temple: D:4-7

Altars:
Cheibriados
Dithmenos
Elyvilon
Fedhas
Kikubaaqudgha
Trog
Uskayaw
Zin
The Shining One


Innate Abilities, Weirdness & Mutations

You can breathe bolts of dispelling energy.
Your rich purple scales are hard. (AC +7)
You cannot fit into any form of body armour.
You are cold-blooded and may be slowed by cold attacks.


Message History

The steam dragon claws you but does no damage.
Your magical contamination has completely faded away.
You can now pass through a line of other dancers.
The crimson imp seems less confused.
The bullfrog skeleton hits you but does no damage.
The steam dragon barely misses you.
The steam dragon claws you but does no damage.
The bullfrog skeleton hits you!
* * * LOW HITPOINT WARNING * * *
A hound comes into view.
You don't have enough magic at the moment.
The steam dragon barely misses you.
The steam dragon claws you but does no damage.
The crimson imp blinks!
The crimson imp shouts, "Return whence thou came, thou vain elf-skinned tiddler!"
You can no longer pass through a line of other dancers.
The crimson imp blinks!
The steam dragon breathes steam at you. The ball of steam hits you!
You die...

#....# #....# a###....#
....(§.# #+ #.....## #.
#......
######.###.##)##########
.......@§DZ.5.5.).......
##########Z##.##########
#.##)# #.##.# #.##.#
#.##.# #.##h# #.##.. #.#


You could see a steam dragon, 2 crimson imps and 2 bullfrog skeletons.

Vanquished Creatures
  Sigmund (D:3)
  The ghost of gobwax the Conjurer, an amateur DECj (D:4)
  An orc warrior (D:6)
  A sky beast (D:6)
  A phantom (D:5)
  3 ogres
  2 centaurs (D:5)
  5 killer bees (D:6)
  A howler monkey (D:4)
  A quasit (D:4)
  An orc priest (D:6)
  4 orc wizards
  A bullfrog skeleton (D:6)
  Jessica (D:3)
  Terence (D:3)
  An iguana (D:6)
  Natasha (thrice) (D:4)
  5 worker ants
  2 hound skeletons (D:6)
  2 worker ant zombies (D:6)
  7 adders
  4 gnolls
  An ooze (D:3)
  An adder zombie (D:6)
  An adder skeleton (D:4)
  2 worms
  3 dart slugs
  2 leopard geckos
  22 orcs
  A bat zombie (D:5)
  5 giant cockroaches
  8 goblins
  4 hobgoblins
  6 jackals
  8 kobolds
  3 quokkas
  2 ball pythons (D:2)
  3 bats
  6 frilled lizards
  2 giant cockroach zombies (D:6)
  A quokka skeleton (D:5)
  A quokka zombie (D:6)
  7 rats
138 creatures vanquished.

Vanquished Creatures (others)
  A killer bee (D:6)
  An orc (D:6)
  A withered plant (D:6)
3 creatures vanquished.

Grand Total: 141 creatures vanquished

Notes
Turn   | Place    | Note
-------+----------+-------------------------------------------
     0 | D:1      | gobwax the Draconian Transmuter began the quest for the Orb.
     0 | D:1      | Reached XP level 1. HP: 16/16 MP: 3/3
   657 | D:2      | Reached XP level 2. HP: 21/23 MP: 5/5
   889 | D:2      | Reached skill level 4 in Unarmed Combat
  1120 | D:2      | Reached XP level 3. HP: 24/28 MP: 6/6
  1182 | D:2      | Found a bloodstained altar of Trog.
  1184 | D:2      | Found a snail-covered altar of Cheibriados.
  1189 | D:2      | Found a hide-covered altar of Uskayaw.
  1189 | D:2      | Found a glowing golden altar of the Shining One.
  1194 | D:2      | Found a white marble altar of Elyvilon.
  1199 | D:2      | Became a worshipper of Uskayaw the Reveler
  1239 | D:2      | Reached * piety under Uskayaw
  1402 | D:3      | Reached ** piety under Uskayaw
  1408 | D:3      | Reached *** piety under Uskayaw
  1535 | D:3      | Noticed Sigmund
  1567 | D:3      | Noticed Terence
  1587 | D:3      | Killed Terence
  1587 | D:3      | Reached skill level 5 in Unarmed Combat
  1587 | D:3      | Reached XP level 4. HP: 33/35 MP: 7/7
  1595 | D:3      | Learned a level 3 spell: Spider Form
  1615 | D:3      | Noticed Jessica
  1632 | D:3      | Reached **** piety under Uskayaw
  1655 | D:3      | Killed Jessica
  1655 | D:3      | Reached XP level 5. HP: 15/40 MP: 1/8
  2025 | D:3      | Killed Sigmund
  2025 | D:3      | Reached skill level 6 in Unarmed Combat
  2025 | D:3      | Reached XP level 6. HP: 46/47 MP: 3/9
  2087 | D:3      | Reached skill level 7 in Unarmed Combat
  2701 | D:3      | Found a shadowy altar of Dithmenos.
  2702 | D:3      | Found a glowing silver altar of Zin.
  3329 | D:4      | Noticed Natasha
  3332 | D:4      | Noticed gobwax's ghost (amateur DECj)
  3341 | D:4      | Killed Natasha
  3345 | D:4      | Killed gobwax's ghost
  3345 | D:4      | Reached skill level 8 in Unarmed Combat
  3345 | D:4      | Your scales start taking on a rich purple colour.
  3345 | D:4      | Reached XP level 7. HP: 36/52 MP: 4/10
  3583 | D:4      | Reached skill level 9 in Unarmed Combat
  3613 | D:4      | Identified the Incunabulum of Spatial Stolen Souls
  3673 | D:4      | Noticed Natasha
  3680 | D:4      | Killed Natasha
  3915 | D:4      | Noticed Natasha
  3925 | D:4      | Killed Natasha
  4281 | D:5      | Entered Level 5 of the Dungeon
  4361 | D:5      | Reached XP level 8. HP: 50/59 MP: 11/11
  4370 | D:5      | Reached skill level 10 in Unarmed Combat
  4409 | D:5      | Found a blossoming altar of Fedhas.
  4533 | D:5      | Found an ancient bone altar of Kikubaaqudgha.
  4868 | D:6      | Reached skill level 11 in Unarmed Combat
  5431 | D:6      | Reached XP level 9. HP: 47/64 MP: 6/12
  5454 | D:6      | Killed from afar by a steam dragon

Skill      XL: |  1  2  3  4  5  6  7  8 |
---------------+-------------------------+-----
Unarmed Combat | 4 5 6 8 9 11 | 11.8
Fighting       | |  1.1
Dodging        | |  1.7
Spellcasting   | |  2.4
Transmutations | |  2.0
Poison Magic   | |  0.2

Action                   |  1- 3 |  4- 6 |  7- 9 || total
-------------------------+-------+-------+-------++-------
Melee: Unarmed           |    97 |   136 |   226 ||   459
       Tailslap          |    10 |    10 |    19 ||    39
       Kick              |     9 |     6 |     7 ||    22
       Punch             |     2 |       |     4 ||     6
       Headbutt          |     3 |       |     3 ||     6
 Cast: Beastly Appendage |     7 |     5 |    10 ||    22
       Spider Form       |       |     3 |     7 ||    10
Invok: Stomp             |       |     1 |     1 ||     2
       Line Pass         |       |       |     3 ||     3
 Abil: Breathe Dispellin |       |       |     1 ||     1
  Use: Scroll            |     5 |       |     1 ||     6
 Stab: Sleeping          |     2 |     6 |     1 ||     9
       Paralysed         |     1 |     3 |     5 ||     9
       Distracted        |       |     1 |     1 ||     2
  Eat: Chunk             |     2 |     7 |     9 ||    18
Armor: Skin              |    27 |    46 |    45 ||   118
Dodge: Dodged            |    48 |   117 |   126 ||   291
